 Dungeon Crawl Stone Soup version 0.26-a0-846-gcc8f1ee719 (webtiles) character file.

Game seed: 5276348424258252432

119 thedisplayname the Chopper (level 5, -8/47 HPs)
             Began as a Hill Orc Fighter on Nov 19, 2020.
             Was an Initiate of Beogh.
             Splashed by Ijyb's acid (14 damage)
             ... on level 3 of the Dungeon.
             The game lasted 00:05:44 (2344 turns).

thedisplayname the Chopper (Hill Orc Fighter)       Turns: 2344, Time: 00:05:45

Health: -8/47      AC:  6    Str: 20    XL:     5   Next: 3%
Magic:  5/5        EV:  9    Int:  6    God:    Beogh [......]
Gold:   92         SH:  0    Dex: 10    Spells: 4/4 levels left

rFire    . . .     SeeInvis .   a - +0 war axe
rCold    . . .     Faith    .   (no shield)
rNeg     . . .     Spirit   .   b - +1 scale mail
rPois    .         Reflect  .   (helmet restricted)
rElec    .         Harm     .   (no cloak)
rCorr    .         Rampage  .   g - +1 pair of gloves
MR       .....                  (no boots)
Stlth    ..........             (no amulet)
HPRegen  0.15/turn              (no ring)
MPRegen  0.09/turn              (no ring)

@: mighty, corroded
A: beak, dopey 1
a: Renounce Religion


You were on level 3 of the Dungeon.
You worshipped Beogh.
Beogh was noncommittal.
You visited 1 branch of the dungeon, and saw 3 of its levels.

You collected 92 gold pieces.

Inventory:

Hand Weapons
 a - a +0 war axe (weapon)
Armour
 b - a +1 scale mail (worn)
 c - a +0 kite shield
 g - a +1 pair of gloves (worn)
Scrolls
 e - 2 scrolls of teleportation {unknown}
 f - a scroll of random uselessness
 h - a scroll of magic mapping
Potions
 i - a potion of degeneration {unknown}


   Skills:
 + Level 4.4 Fighting
 * Level 4.6 Axes
 + Level 4.0 Armour
 + Level 4.0 Shields


You had 4 spell levels left.
You didn't know any spells.
Your spell library was empty.

Dungeon Overview and Level Annotations

Branches:
Dungeon (3/15)

Altars:
Okawaru
Sif Muna

Annotations:
D:3 Ijyb


Innate Abilities, Weirdness & Mutations

You have a beak for a mouth.
You are dopey. (Int -2)


Message History

The bat hits you but does no damage.
You closely miss Ijyb. You hit the bat. The bat barely misses you.
The bat hits you but does no damage. Ijyb hits you but does no damage.
You closely miss the bat.
The bat is moderately wounded.
You hit Ijyb but do no damage. The bat hits you but does no damage.
Ijyb hits you but does no damage. The bat closely misses you.
Ijyb hits you but does no damage.
You hit the bat.
You kill the bat!
Beogh accepts your kill.
You hit Ijyb but do no damage.
Ijyb zaps a wand.
The bolt of acid hits you! The acid corrodes you!
You are splashed with acid!
You are too injured to fight recklessly!
You are too injured to fight recklessly!
You feel very mighty all of a sudden.
Ijyb zaps a wand.
The bolt of acid hits you!
* * * LOW HITPOINT WARNING * * *
You are splashed with acid!
You die...

#........#### .
#...........#########.
#........##........##.
####.#############.##.
#.# #.##. #.## #....
#..# ...##.).. ##.#
.......... #@#
.....##.#.
#.?†g.............#.
#...##.#.......#####.
###. .# .....#####. ..
. .......... ... ..
######## ... #.
.....#.. .... ## #....
#....#.


You could see Ijyb.

Vanquished Creatures
  Jessica (D:2)
  3 adders
  A worm (D:2)
  2 dart slugs (D:3)
  2 leopard geckos
  10 bats
  4 giant cockroaches
  2 goblins (D:2)
  4 hobgoblins
  9 jackals
  4 frilled lizards
  6 kobolds
  6 rats
54 creatures vanquished.

Vanquished Creatures (others)
  An orc priest (D:3)
  3 orcs (D:3)
  A jackal (D:3)
5 creatures vanquished.

Grand Total: 59 creatures vanquished

Notes
Turn   | Place    | Note
-------+----------+-------------------------------------------
     0 | D:1      | thedisplayname the Hill Orc Fighter began the quest for the
                  | Orb.
     0 | D:1      | Reached XP level 1. HP: 19/19 MP: 1/1
    41 | D:1      | Reached XP level 2. HP: 26/27 MP: 2/2
   682 | D:1      | You fall into a shaft and drop 1 floor!
   687 | D:2      | Found an iron altar of Okawaru.
   736 | D:1      | Reached XP level 3. HP: 33/33 MP: 3/3
  1207 | D:1      | Gained mutation: You are dopey. (Int -2) [potion of
                  | mutation]
  1207 | D:1      | Gained mutation: You have a beak for a mouth. [potion of
                  | mutation]
  1311 | D:2      | Noticed Jessica
  1315 | D:2      | Killed Jessica
  1316 | D:2      | Reached XP level 4. HP: 29/40 MP: 4/4
  2044 | D:3      | Found a shimmering blue altar of Sif Muna.
  2068 | D:3      | Became a worshipper of Beogh the Brigand
  2263 | D:3      | Reached XP level 5. HP: 43/47 MP: 5/5
  2340 | D:3      | Noticed Ijyb
  2344 | D:3      | Splashed by Ijyb's acid

Illustrated notes

Levels and vault maps discovered:
D:1:      shiori_shiawase, layout_loops_corners
D:2:      layout_rooms, marbit_many_paths, corexii_hall_statues_l,
          glass_columns_a, uniq_jessica
D:3:      layout_rooms, overflow_temple_1_default, overflow_temple_1_default,
          uniq_ijyb

Skill      XL: |  1  2  3  4 |
---------------+-------------+-----
Axes           | 3 4 |  4.6
Fighting       | 4 |  4.4
Armour         | 4 |  4.0
Shields        | 4 |  4.0

Action                   |  1- 3 |  4- 6 || total
-------------------------+-------+-------++-------
Melee: War axe           |    89 |    51 ||   140
       Peck              |       |     3 ||     3
Invok: Convert to Beogh  |       |     1 ||     1
  Use: Scroll            |     3 |     1 ||     4
       Potion            |     1 |     3 ||     4
Armor: Scale mail        |    66 |    47 ||   113
Dodge: Dodged            |    44 |    34 ||    78
Block: Kite shield       |    42 |       ||    42

Table legend: (Time is in decaauts)
 A = Elapsed time spent in this place.
 B = Non-inter-level travel time spent in this place.
 C = Inter-level travel time spent in this place.
 D = Time resting spent in this place.
 E = Time spent auto-exploring this place.
 F = Levels seen in this place.
 G = Mean time per level.
                   A        B        C        D        E       F      G
               +--------+--------+--------+--------+--------+-----+--------+
         Total |   2396 |   2313 |     83 |    396 |   1468 |   3 |  798.7 |
       Dungeon |   2396 |   2313 |     83 |    396 |   1468 |   3 |  798.7 |
               +--------+--------+--------+--------+--------+-----+--------+

Top non-repeatable levels by time:
     D:2: 1112 daAuts
     D:1: 946 daAuts
     D:3: 337 daAuts
